 Dungeon Crawl Stone Soup version 0.30-a0-358-g0d69a1922f (webtiles) character file.

Game seed: 10928370480281114926

1887 LutherGrant the Slasher (level 9, -1/46 HPs)
             Began as a Vine Stalker Fighter on Nov 8, 2022.
             Was a Priest of Dithmenos.
             Slain by an orc
             ... wielding a +0 halberd
              (3 damage)
             ... in a bailey.
             The game lasted 00:12:27 (5368 turns).

LutherGrant the Slasher (Vine Stalker Fighter)      Turns: 5368, Time: 00:12:27

Health: -1/46      AC: 15    Str: 18    XL:     9   Next: 14%
Magic:  0/10       EV:  9    Int:  8    God:    Dithmenos [***...]
Gold:   1377       SH:  0    Dex: 19    Spells: 8/8 levels left

rFire   + . .      SeeInvis .    a - +0 long sword (venom)
rCold   . . .      Faith    .    c - +0 buckler
rNeg    . . .      Spirit   +    u - +0 chain mail
rPois   .          Reflect  .    p - +0 helmet
rElec   .          Harm     .    (no cloak)
rCorr   .          Rampage  .    g - +2 pair of gloves {hurl}
Will    +....                    y - +0 pair of boots
Stlth   ..........               (no amulet)
HPRegen 1.07/turn                w - ring of protection from fire
MPRegen 0.12/turn                (no ring)

@: confused, ambrosia-drunk, hasted, wreathed by umbra, very quick
A: fangs 3, regeneration 1, magic shield, antimagic bite, no potion heal 2
a: Renounce Religion, Shadow Step


You were in a bailey.
You worshipped Dithmenos.
Dithmenos was most pleased with you.
You visited 2 branches of the dungeon, and saw 8 of its levels.
You also visited: Bailey.

You collected 1461 gold pieces.
You spent 84 gold pieces at shops.

Inventory:

Hand Weapons
 a - a +0 long sword of venom (weapon)
 A - the +9 trident "Kinkarek" {vorpal, Stlth+}
   (You found it on level 7 of the Dungeon)

   It inflicts extra damage upon your enemies.
   Stlth:     It makes you more stealthy.
Missiles
 m - 7 poisoned darts (quivered)
Armour
 b - a +0 scale mail
 c - a +0 buckler (worn)
 g - a +2 pair of gloves of hurling (worn)
 p - a +0 helmet (worn)
 u - a +0 chain mail (worn)
 y - a +0 pair of boots (worn)
Jewellery
 s - an amulet of faith
 w - a ring of protection from fire (left hand)
Wands
 l - a wand of flame (14)
 o - a wand of roots (26)
 r - a wand of paralysis (3)
Scrolls
 d - 4 scrolls of teleportation
 e - a scroll of fog
 f - a scroll of enchant armour
 i - a scroll of fear
 j - a scroll of poison
 t - a scroll of vulnerability
 v - a scroll of amnesia
 z - 2 scrolls of identify
Potions
 h - 3 potions of curing
 n - a potion of haste
 q - a potion of magic
 x - a potion of flight
 B - a potion of lignification


   Skills:
 + Level 4.8 Fighting
 * Level 5.9 Long Blades
 + Level 4.2 Armour
 * Level 5.0 Dodging
 + Level 4.8 Shields


You had 8 spell levels left.
You didn't know any spells.
Your spell library contained the following spells:

 Spells                   Type           Power      Damage    Failure   Level
 Summon Small Mammal      Summ           0%         N/A       100%        1
 Call Canine Familiar     Summ           0%         N/A       100%        3
 Summon Guardian Golem    Hex/Summ       0%         N/A       100%        3


Dungeon Overview and Level Annotations

Branches:
Dungeon (7/15)             Temple (1/1) D:4          Bailey (1/1)

Altars:
Ashenzari
Cheibriados
Dithmenos
Fedhas
Gozag
Kikubaaqudgha
Makhleb
Nemelex Xobeh
Okawaru
Ru
Sif Muna
Trog
Vehumet
Wu Jian
Xom
Yredelemnul
The Shining One

Shops:
D:2 *


Innate Abilities, Weirdness & Mutations

You have razor-sharp teeth.
Your natural rate of healing is unusually fast.
When hurt, damage is shared between your health and your magic reserves.
Your bite disrupts and absorbs the magic of your enemies.
Potions cannot restore your health.


Message History

The orc warrior completely misses you.
You slash the orc warrior! Your bite misses the orc warrior.
The orc warrior is heavily wounded.
The orc barely misses you. x2
The orc warrior hits you from afar with a +0 halberd.
You block the orc's attack.
The orc warrior hits you with a +0 spear.
You are too injured to fight recklessly!
You are too injured to fight recklessly!
You are too injured to fight recklessly!
You are too injured to fight recklessly!
You are too injured to fight recklessly!
You are too injured to fight recklessly!
You slash the orc warrior!
You kill the orc warrior!
Dithmenos accepts your kill. The orc barely misses you.
You block the orc's attack.
The orc hits you from afar with a +0 halberd!
* * * LOW HITPOINT WARNING * * *
You block the orc warrior's attack.
Your Dodging skill increases to level 5!
You feel yourself speed up. The orc hits you but does no damage. x2
The orc barely misses you.
The orc warrior hits you from afar with a +0 halberd.
* * * LOW HITPOINT WARNING * * *
You block the orc's attack.
The orc hits you from afar with a +0 trident.
* * * LOW HITPOINT WARNING * * *
The orc warrior hits you with a +0 halberd!
* * * LOW HITPOINT WARNING * * *
You hit the orc warrior. You bite the orc warrior! You drain its power.
You feel invigorated.
The orc warrior is severely wounded.
The orc hits you but does no damage. You block the orc's attack. x2
The orc warrior hits you with a +0 halberd!
* * * LOW HITPOINT WARNING * * *
You are confused.
Your system rejects the healing.
You feel invigorated. The orc hits you with a +0 halberd!
You die...

##.....##
###'###
#...#
#...#
#...#
#...#
###'###
##.)o..##
#..@o...#
#))#8#..#
#oo#.#..#
#.....o.#
#.......#
##.....##
##+++##


You could see an orc warrior and 3 orcs.

Vanquished Creatures
  Eustachio (D:5)
  An orc warrior (Bailey)
  2 sky beasts (D:7)
  A black bear (D:6)
  A centaur (D:7)
  3 phantoms
  A bullfrog (D:7)
  2 necrophages
  2 scorpions (D:5)
  A vampire bat (D:4)
  A hound (D:5)
  3 jellies
  2 orc priests
  Jessica (D:2)
  6 orc wizards
  Robin (D:2)
  10 adders
  A shadow imp (D:7)
  A white imp (D:4)
  An ufetubus (D:5)
  2 worms
  2 dart slugs
  3 fire bats (D:4)
  34 orcs
  2 spectral bats (D:4)
  3 bat skeletons (D:4)
  A bat zombie (D:4)
  2 endoplasms
  8 giant cockroaches
  13 goblins
  13 hobgoblins
  7 jackals
  7 kobolds
  4 quokkas
  4 ball pythons
  16 bats
  A bat simulacrum (D:4)
  A frilled lizard (D:2)
  10 rats
175 creatures vanquished.

Notes
Turn   | Place    | Note
-------+----------+-------------------------------------------
     0 | D:1      | LutherGrant the Vine Stalker Fighter began the quest for
                  | the Orb.
     0 | D:1      | Reached XP level 1. HP: 11/11 MP: 2/2
   276 | D:1      | Reached XP level 2. HP: 16/16 MP: 1/3
   804 | D:1      | Reached skill level 1 in Dodging
   804 | D:1      | Reached XP level 3. HP: 16/19 MP: 2/4
   995 | D:2      | Noticed Jessica
  1000 | D:2      | Killed Jessica
  1072 | D:2      | Gained mutation: Your natural rate of healing is unusually
                  | fast. [Vine Stalker growth]
  1072 | D:2      | Reached XP level 4. HP: 23/23 MP: 5/5
  1080 | D:2      | Noticed Robin
  1093 | D:2      | Killed Robin
  1141 | D:2      | You fall into a shaft and drop 2 floors!
  1207 | D:4      | Found a staircase to the Ecumenical Temple.
  1216 | Temple   | Entered the Ecumenical Temple
  1364 | Temple   | Became a worshipper of Dithmenos the Shadowed
  1972 | D:2      | Found Ymoutytu's Assorted Antiques.
  2041 | D:2      | Reached XP level 5. HP: 28/28 MP: 6/6
  2083 | D:2      | Reached * piety under Dithmenos
  2929 | D:4      | Reached XP level 6. HP: 32/32 MP: 5/7
  3156 | D:4      | Reached ** piety under Dithmenos
  3276 | D:4      | Identified a scroll of acquirement
  3276 | D:4      | Acquired 1107 gold pieces
  3415 | D:5      | Entered Level 5 of the Dungeon
  3448 | D:5      | Noticed Eustachio
  3459 | D:5      | Killed Eustachio
  3460 | D:5      | Reached XP level 7. HP: 27/37 MP: 5/8
  3476 | D:5      | Identified the +7 sling of Amortisation {speed, Int+6
                  | Dex+4}
  3705 | D:2      | Bought a scroll of teleportation for 84 gold pieces
  4131 | D:5      | Gained mutation: You have razor-sharp teeth. [Vine Stalker
                  | growth]
  4131 | D:5      | Reached XP level 8. HP: 42/42 MP: 9/9
  4286 | D:6      | Reached *** piety under Dithmenos
  4485 | D:6      | Reached skill level 5 in Long Blades
  5220 | D:7      | Reached XP level 9. HP: 44/46 MP: 8/10
  5226 | D:7      | Identified the +9 trident "Kinkarek" {vorpal, Stlth+}
  5235 | D:7      | Found a flagged portal.
  5299 | Bailey   | Entered a bailey
  5365 | Bailey   | Reached skill level 5 in Dodging
  5367 | Bailey   | HP: 1/46 [orc warrior/+0 halberd (4)]
  5368 | Bailey   | Slain by an orc

Illustrated notes

Levels and vault maps discovered:
D:1:      spicycebolla_arrival_xxxplode, layout_basic, minivault_23,
          corexii_hall_statues_deadend
D:2:      layout_basic, serial_shops, shop_fountains, minmay_misc_feat_square,
          uniq_jessica, uniq_robin
D:3:      layout_basic, nicolae_concentric_dashed_squares_wild,
          minmay_misc_feat_diagonals
D:4:      layout_basic, minmay_temple_entry_hall, goddamned_bats
D:5:      layout_basic, uniq_eustachio
D:6:      layout_loops_cross
D:7:      layout_rooms, enter_bailey_4
Temple:   minmay_crystal_spiral_temple
Bailey:   bailey_polearm_5, bailey

Skill      XL: |  1  2  3  4  5  6  7  8  9 |
---------------+----------------------------+-----
Long Blades    | 2 3 4 5 |  5.9
Dodging        | 1 2 3 4 5 |  5.0
Shields        | 3 4 |  4.8
Fighting       | 3 4 |  4.8
Armour         | 3 4 |  4.2

Action                   |  1- 3 |  4- 6 |  7- 9 || total
-------------------------+-------+-------+-------++-------
Melee: Long sword        |    54 |   226 |   189 ||   469
       Bite              |     7 |    44 |    56 ||   107
Throw: Dart              |     1 |       |     1 ||     2
  Use: Potion            |       |     4 |     3 ||     7
       Scroll            |       |    12 |     3 ||    15
Armor: Scale mail        |    15 |    26 |       ||    41
       Chain mail        |       |   151 |   142 ||   293
Dodge: Dodged            |    22 |   135 |   116 ||   273
Block: Buckler           |    11 |    55 |    69 ||   135

Table legend: (Time is in decaauts)
 A = Elapsed time spent in this place.
 B = Non-inter-level travel time spent in this place.
 C = Inter-level travel time spent in this place.
 D = Time resting spent in this place.
 E = Time spent auto-exploring this place.
 F = Levels seen in this place.
 G = Mean time per level.
                   A        B        C        D        E       F      G
               +--------+--------+--------+--------+--------+-----+--------+
         Total |   5502 |   5186 |    316 |     57 |   3981 |   9 |  611.3 |
       Dungeon |   5216 |   4985 |    231 |     57 |   3844 |   7 |  745.1 |
        Temple |    213 |    128 |     85 |      0 |    111 |   1 |  213.0 |
        Bailey |     72 |     72 |      0 |      0 |     26 |   1 |   72.0 |
               +--------+--------+--------+--------+--------+-----+--------+

Top non-repeatable levels by time:
     D:1: 1002 daAuts
     D:3: 867 daAuts
     D:6: 792 daAuts
     D:2: 782 daAuts
     D:5: 767 daAuts
     D:4: 735 daAuts
     D:7: 267 daAuts
  Temple: 213 daAuts
  Bailey: 72 daAuts
